 Seeded DCSS version 0.24.0-41-g2ae2f7f1be (console) character file.

Game seed: 93891015573, levelgen mode: deterministic

284 Kagalorn the Skirmisher (level 6, -2/51 HPs)
             Began as a Human Hunter on Dec 10, 2019.
             Slain by a gnoll
             ... wielding a +0 spear
              (7 damage)
             ... while paralysed
             ... on level 5 of the Dungeon.
             The game lasted 00:11:13 (4185 turns).

Kagalorn the Skirmisher (Human Hunter)              Turns: 4185, Time: 00:11:14

Health: -2/51      AC:  7    Str: 13    XL:     6   Next: 54%
Magic:  7/7        EV:  2    Int: 13    God:
Gold:   207        SH:  0    Dex: 15    Spells: 5/5 levels left

rFire    . . .     SeeInvis .   a - +0 long sword
rCold    . . .     Gourm    .   (no shield)
rNeg     . . .     Faith    .   o - +0 scale mail
rPois    .         Spirit   .   g - +0 helmet
rElec    .         Reflect  .   (no cloak)
rCorr    .         Harm     .   (no gloves)
MR       .....                  (no boots)
Stlth    ..........             s - amulet of rage
HPRegen  0.17/turn              B - +2 ring of dexterity
MPRegen  0.10/turn              (no ring)

@: paralysed, berserk cooldown, starving, slowed
A: no striking features
a: Evoke Berserk Rage


You were on level 5 of the Dungeon.
You were starving.

You visited 1 branch of the dungeon, and saw 5 of its levels.

You collected 207 gold pieces.

Inventory:

Hand Weapons
 a - a +0 long sword (weapon)
 b - a +0 hunting sling
 w - a +0 halberd
Missiles
 c - 6 javelins
 d - 2 throwing nets
 j - 106 stones
 m - 34 sling bullets
 q - 14 poisoned darts (quivered)
Armour
 g - a +0 helmet (worn)
 o - a +0 scale mail (worn)
Jewellery
 s - an amulet of rage (around neck)
 v - an uncursed ring of ice {unknown}
 B - a +2 ring of dexterity (left hand)
Wands
 A - a wand of paralysis (10)
Scrolls
 e - a scroll of fear {unknown}
 h - 2 scrolls of enchant weapon {unknown}
 i - 2 scrolls of magic mapping {unknown}
 k - 2 scrolls of remove curse {unknown}
 l - a scroll of random uselessness {unknown}
 r - a scroll of enchant armour {unknown}
 t - 2 scrolls of amnesia {unknown}
 u - 6 scrolls of identify {unknown}
 y - 4 scrolls of teleportation {unknown}
 z - a scroll of immolation {unknown}
Potions
 n - a potion of haste {unknown}
 p - 2 potions of flight {unknown}
 x - a potion of ambrosia {unknown}
 C - 2 potions of curing {unknown}
 D - a potion of magic {unknown}
Comestibles
 f - 5 rations


   Skills:
 - Level 5.0 Fighting
 * Level 2.4 Long Blades
 - Level 4.0 Throwing
 - Level 2.0 Dodging
 - Level 1.0 Stealth
 * Level 2.5 Evocations


You had 5 spell levels left.
You didn't know any spells.
Your spell library was empty.

Dungeon Overview and Level Annotations

Branches:
Dungeon (5/15)
 Temple: D:4-7

Altars:
Dithmenos
Kikubaaqudgha
Trog
Uskayaw
Vehumet


Message History

You hit the gnoll but do no damage.
The gnoll hits you from afar with a +0 spear.
The gnoll hits you with a +1 flail of crushing!
You hit the gnoll.
The gnoll is moderately wounded.
The gnoll hits you from afar with a +0 spear.
The gnoll hits you with a +1 flail of crushing.
You closely miss the gnoll.
The gnoll is moderately wounded.
The gnoll hits you from afar with a +0 spear!
* * * LOW HITPOINT WARNING * * *
You hit the gnoll but do no damage.
The gnoll is moderately wounded.
You are no longer berserk.
You pass out from exhaustion.
You feel yourself slow down.
The gnoll hits you with a +1 flail of crushing.
* * * LOW HITPOINT WARNING * * *
x2 The gnoll hits you from afar with a +0 spear!
You die...

....# ... ... ...
##### #.# ....#
#g# ....## #g#
.<...# #g# .....#
#@#
####.###########.#
#.............#
###############


You could see 3 gnolls.

Vanquished Creatures
  A hound (D:4)
  A bullfrog skeleton (D:3)
  Robin (D:2)
  4 gnolls
  5 adders
  An ooze (D:2)
  5 worms
  4 dart slugs
  11 orcs (D:3)
  7 giant cockroaches
  11 goblins
  18 hobgoblins
  2 quokkas
  8 bats
  7 frilled lizards
  3 kobolds
  5 rats
94 creatures vanquished.

Vanquished Creatures (others)
  A giant cockroach (D:3)
1 creature vanquished.

Grand Total: 95 creatures vanquished

Notes
Turn   | Place    | Note
-------+----------+-------------------------------------------
     0 | D:1      | Kagalorn the Human Hunter began the quest for the Orb.
     0 | D:1      | Reached XP level 1. HP: 16/16 MP: 1/1
   196 | D:1      | Reached XP level 2. HP: 14/23 MP: 2/2
   630 | D:1      | Reached skill level 3 in Fighting
   726 | D:1      | Reached XP level 3. HP: 29/29 MP: 3/3
  1204 | D:2      | Reached skill level 4 in Fighting
  1204 | D:2      | Reached XP level 4. HP: 25/37 MP: 4/4
  1389 | D:2      | Reached skill level 1 in Evocations
  1463 | D:2      | Noticed Robin
  1817 | D:2      | Reached XP level 5. HP: 39/43 MP: 5/5
  1849 | D:2      | Found a faded altar of an unknown god.
  1885 | D:2      | Killed Robin
  2462 | D:3      | Found a shadowy altar of Dithmenos.
  2600 | D:3      | Found a radiant altar of Vehumet.
  2979 | D:3      | Reached skill level 5 in Fighting
  2979 | D:3      | Reached XP level 6. HP: 37/51 MP: 7/7
  3036 | D:3      | Found an ancient bone altar of Kikubaaqudgha.
  3137 | D:3      | Found a bloodstained altar of Trog.
  3236 | D:3      | Reached skill level 1 in Long Blades
  3684 | D:4      | Found a hide-covered altar of Uskayaw.
  3690 | D:4      | Noticed a -2 hand axe
  3690 | D:4      | Noticed a +0 dagger
  4148 | D:5      | Entered Level 5 of the Dungeon
  4185 | D:5      | Slain by a gnoll

Levels and vault maps discovered:
D:1:      minmay_arrival_four_houses, layout_loops_ring,
          hangedman_feature_mirror
D:2:      layout_loops_ring, chequers_ecumenical_altar_simple, uniq_robin
D:3:      layout_loops_corners, fiery_altar_vehumet, lemuel_round_altar,
          kiku_gazebo_garden_becter, lemuel_coloured_pillars_altar, first_ration
D:4:      layout_rooms, dancing_weapons_uskayaw, serial_forest,
          infiniplex_forest_zigzag_2, infiniplex_forest_clump_small,
          infiniplex_forest_clump_medium, infiniplex_forest_zigzag_1,
          infiniplex_forest_clump_double
D:5:      layout_basic, lemuel_crystal_altar, kennysheep_mini,
          minmay_temple_entry_mini_moons, basic_altar, uniq_blork_the_orc,
          uniq_pikel

Skill      XL: |  1  2  3  4  5  6 |
---------------+-------------------+-----
Fighting       | 3 4 5 |  5.0
Evocations     | 1 2 |  2.5
Long Blades    | 2 |  2.4
Throwing       | |  4.0
Dodging        | |  2.0
Stealth        | |  1.0

Action                   |  1- 3 |  4- 6 || total
-------------------------+-------+-------++-------
Melee: Short sword       |    58 |       ||    58
       Hand axe          |    41 |   113 ||   154
       Long sword        |       |   119 ||   119
       Halberd           |       |     1 ||     1
Throw: Dart              |     9 |     4 ||    13
 Abil: Evoke Berserk Rag |     2 |     5 ||     7
 Stab: Sleeping          |       |     2 ||     2
  Eat: Chunk             |     2 |    13 ||    15
Armor: Leather armour    |    29 |    39 ||    68
       Scale mail        |       |    26 ||    26
Dodge: Dodged            |    58 |   146 ||   204
       Rpst.: Long sword |       |    26 ||    26
